 Dungeon Crawl Stone Soup version 0.29.1-2-gbd0b4ee654 (webtiles) character file.

Game seed: 17693102017602340217

332 KittyFluff the Cudgeller (level 6, -8/58 HPs)
             Began as a Gargoyle Berserker on Nov 14, 2022.
             Was a Priest of Trog.
             Mangled by a gnoll sergeant
             ... wielding a +6 flail
              (13 damage)
             ... on level 4 of the Dungeon.
             The game lasted 00:15:08 (4272 turns).

KittyFluff the Cudgeller (Gargoyle Berserker)       Turns: 4272, Time: 00:15:09

Health: -8/58      AC: 10    Str: 20    XL:     6   Next: 52%
Magic:  6/6        EV: 12    Int:  8    God:    Trog [***...]
Gold:   142        SH:  0    Dex: 11    Spells: 5/5 levels left

rFire   . . .      SeeInvis +   a - +0 mace
rCold   . . .      Faith    .   (no shield)
rNeg    + . .      Spirit   .   b - +0 animal skin
rPois   ∞          Reflect  .   p - +0 helmet
rElec   +          Harm     .   o - +0 cloak
rCorr   .          Rampage  .   z - +0 pair of gloves
Will    .....                   (no boots)
Stlth   ..........              (no amulet)
HPRegen 0.19/turn               e - ring of flight
MPRegen 0.10/turn               h - ring of see invisible

@: berserking, flying, very quick
A: sickness immunity, AC +4, negative energy resistance 1, electricity
resistance, torment resistance 1, petrification resistance
a: Renounce Religion, Berserk, Trog's Hand


You were on level 4 of the Dungeon.
You worshipped Trog.
Trog was most pleased with you.
You visited 1 branch of the dungeon, and saw 4 of its levels.

You collected 252 gold pieces.
You spent 110 gold pieces at shops.

Inventory:

Hand Weapons
 a - a +0 mace (weapon)
 v - the +4 sling of Koclucwu {flame, rC++}
   (You bought it in a shop on level 2 of the Dungeon)

   Any ammunition fired from it burns those it strikes, dealing additional fire
   damage.
   rC:        It greatly protects you from cold.
 x - the +7 short sword of Defenestration {vorpal, rC+ rN++ Int+3 SInv}
   (You took it off an orc on level 3 of the Dungeon)

   It inflicts extra damage upon your enemies.
   Int:       It affects your intelligence (+3).
   rC:        It protects you from cold.
   rN:        It greatly protects you from negative energy.
   SInv:      It lets you see invisible.
 y - a +0 great mace
Missiles
 s - 10 poisoned darts (quivered)
 A - 3 curare-tipped darts
Armour
 b - a +0 animal skin (worn)
 o - a +0 cloak (worn)
 p - a +0 helmet (worn)
 z - a +0 pair of gloves (worn)
Magical Staves
 t - a staff of death
Jewellery
 e - a ring of flight (left hand)
 f - a +6 ring of intelligence
 h - a ring of see invisible (right hand)
Scrolls
 c - 5 scrolls of teleportation
 d - a scroll of fear {unknown}
 k - a scroll of fog {unknown}
 m - a scroll of acquirement {unknown}
 n - a scroll of identify
 r - a scroll of enchant armour {unknown}
 u - a scroll of amnesia {unknown}
Potions
 g - a potion of cancellation
 i - 3 potions of heal wounds {unknown}
 j - a potion of invisibility
 l - a potion of attraction
 q - a potion of curing {unknown}
 w - 2 potions of lignification {unknown}
 B - a potion of haste {unknown}


   Skills:
 + Level 4.5 Fighting
 + Level 4.7 Maces & Flails
 * Level 1.5 Ranged Weapons
 * Level 3.6 Armour
 + Level 2.3 Dodging
 + Level 1.5 Stealth


You had 5 spell levels left.
You didn't know any spells.
Your spell library was empty.

Dungeon Overview and Level Annotations

Branches:
Dungeon (4/15)             Temple (0/1) D:4

Altars:
Gozag
Hepliaklqana
Nemelex Xobeh
Zin

Shops:
D:2 *(!


Innate Abilities, Weirdness & Mutations

You are immune to sickness and miasma.
Your stone body is resilient. (AC +4)
You are immune to poison.
You resist negative energy. (rN+)
You are resistant to electric shocks. (rElec)
You are resistant to unholy torment.
You are immune to petrification.


Message History

You now have 132 gold pieces (gained 2).
You now have 133 gold pieces (gained 1).
You now have 134 gold pieces (gained 1).
You now have 135 gold pieces (gained 1).
You now have 137 gold pieces (gained 2).
You now have 139 gold pieces (gained 2).
You now have 140 gold pieces (gained 1).
You now have 142 gold pieces (gained 2).
There is an opulent altar of Gozag here.
Found a scroll labelled KEUWNAN WISI.
Found a fizzy orange potion.
An endoplasm comes into view.
The endoplasm quivers.
A gnoll sergeant comes into view. It is wielding a +6 flail.
Found a hazy altar of Hepliaklqana.
You see here a fizzy orange potion.
The gnoll sergeant hits you with a +6 flail!
Found a faded altar of an unknown god.
The gnoll sergeant barely misses you.
The gnoll sergeant attacks as you move away!
The gnoll sergeant closely misses you.
You hit the gnoll sergeant but do no damage.
The gnoll sergeant hits you with a +6 flail!
A red film seems to cover your vision as you go berserk!
You feel yourself moving faster!
You feel mighty!
The gnoll sergeant hits you with a +6 flail!
* * * LOW HITPOINT WARNING * * *
You sock the gnoll sergeant!
The gnoll sergeant is severely wounded.
The gnoll sergeant hits you with a +6 flail!
* * * LOW HITPOINT WARNING * * *
The endoplasm freezes you.
You are frozen.
* * * LOW HITPOINT WARNING * * *
You hit the gnoll sergeant but do no damage.
The gnoll sergeant is severely wounded.
The gnoll sergeant blocks your attack.
The gnoll sergeant is severely wounded.
The gnoll sergeant hits you with a +6 flail!
You die...

....#
#####§§§#
.#### #§§§#
..# #§§§# #.#
#§§§# #.#
#§§§# #.#
#####§§§#####
#.#
#...§§§§§...#
#.#
#._.§.#gJ.8.#
#.#
#......@....#
#.#
#####...#####
#.# #...# #.#
#._.# #.#
#...# #.#
##### #.# #.#
..#


You could see a gnoll sergeant and an endoplasm.

Vanquished Creatures
  A hound (D:4)
  A jelly (D:4)
  An orc priest (D:4)
  Jessica (D:2)
  3 orc wizards
  7 adders
  A worm (D:2)
  3 dart slugs
  6 orcs
  5 endoplasms
  3 giant cockroaches
  7 goblins
  4 hobgoblins
  4 jackals
  A quokka (D:4)
  8 ball pythons
  2 bats
  4 frilled lizards
  10 kobolds
  A rat (D:1)
73 creatures vanquished.

Notes
Turn   | Place    | Note
-------+----------+-------------------------------------------
     0 | D:1      | KittyFluff the Gargoyle Berserker began the quest for the
                  | Orb.
     0 | D:1      | Reached XP level 1. HP: 14/14 MP: 1/1
   538 | D:1      | Reached XP level 2. HP: 17/19 MP: 2/2
  1108 | D:2      | Found Heatausoa's Distillery.
  1228 | D:2      | Reached XP level 3. HP: 11/24 MP: 3/3
  1398 | D:2      | Noticed Jessica
  1406 | D:2      | Killed Jessica
  1443 | D:2      | Found Rienaocy's Antique Weapon Shoppe.
  1461 | D:2      | Reached XP level 4. HP: 29/29 MP: 4/4
  1530 | D:2      | Found Loveunor's General Store.
  1612 | D:2      | Reached ** piety under Trog
  1697 | D:2      | Found a faded altar of an unknown god.
  1976 | D:2      | Bought a fine sling for 110 gold pieces
  1976 | D:2      | Identified the +4 sling of Koclucwu {flame, rC++} (You
                  | bought it in a shop on level 2 of the Dungeon)
  2165 | D:3      | Found a sparkling altar of Nemelex Xobeh.
  2211 | D:3      | Found a glowing silver altar of Zin.
  2502 | D:3      | Reached skill level 1 in Stealth
  2636 | D:3      | Reached XP level 5. HP: 33/33 MP: 5/5
  2649 | D:3      | Identified the +7 short sword of Defenestration {vorpal,
                  | rC+ rN++ Int+3 SInv}
  3007 | D:4      | Reached skill level 1 in Ranged Weapons
  3497 | D:4      | Reached XP level 6. HP: 33/39 MP: 6/6
  3809 | D:4      | Found a staircase to the Ecumenical Temple.
  4067 | D:4      | Found an opulent altar of Gozag.
  4082 | D:4      | Reached *** piety under Trog
  4262 | D:4      | Found a hazy altar of Hepliaklqana.
  4265 | D:4      | Found a faded altar of an unknown god.
  4272 | D:4      | Mangled by a gnoll sergeant

Illustrated notes

Levels and vault maps discovered:
D:1:      dpeg_arrival_tiny_d, layout_loops_corners
D:2:      minmay_spotlight, layout_basic, serial_shops, shop, shop_fountains,
          shop, hellmonk_ecumenical_altar_zigzags, uniq_jessica
D:3:      layout_basic, nemelex_dance_club_becter, lemuel_doored_altar
D:4:      layout_loops_cross, nicolae_gozag_seed_capital,
          beargit_hepliaklqana_dungeon_heroes, minmay_temple_entry_poolview

Skill      XL: |  1  2  3  4  5 |
---------------+----------------+-----
Fighting       | 4 |  4.5
Armour         | 3 |  3.6
Dodging        | 2 |  2.3
Stealth        | 1 |  1.5
Maces & Flails | 4 |  4.7
Ranged Weapons | 1 |  1.5

Action                   |  1- 3 |  4- 6 || total
-------------------------+-------+-------++-------
Melee: Mace              |    78 |   188 ||   266
       Punch             |     2 |     3 ||     5
Invok: Berserk           |       |     2 ||     2
  Use: Scroll            |       |     6 ||     6
 Stab: Sleeping          |       |     1 ||     1
Armor: Animal skin       |    30 |   106 ||   136
Dodge: Dodged            |    50 |   138 ||   188
